 Dungeon Sprint DCSS version 0.30-a0-1094-g860fb061e7 (webtiles) character file.

Game seed: 14755798963266365684

126 BigDaddyOpFi the Trooper (level 5, -8/51 HPs)
             Began as a Hill Orc Fighter on Apr 17, 2023.
             Was a Believer of Qazlal.
             Mangled by a gnoll sergeant
             ... wielding a +2 spear of venom
              (13 damage)
             ... in the Dungeon (Sprint VII: "The Pits").
             The game lasted 00:00:25 (157 turns).

BigDaddyOpFi the Trooper (Hill Orc Fighter)          Turns: 157, Time: 00:00:25

Health: -8/51      AC:  7    Str: 21    XL:     5   Next: 9%
Magic:  5/5        EV:  9    Int:  8    God:    Qazlal [**....]
Gold:   0          SH:  8    Dex: 10    Spells: 4/4 levels left

rFire   . . .      SeeInvis .    a - +0 war axe
rCold   . . .      Faith    .    c - +0 buckler
rNeg    . . .      Spirit   .    b - +0 scale mail
rPois   .          Reflect  .    (no helmet)
rElec   .          Rampage  .    (no cloak)
rCorr   .          NoTele   +    (no gloves)
Will    .....                    (no boots) Stlth
                                 (no amulet)
HPRegen 0.28/turn                (no ring)
MPRegen 0.09/turn                (no ring)

@: lethally poisoned (-8 -> -16)
A: no striking features
a: Renounce Religion, Upheaval


You were in the Dungeon.
You worshipped Qazlal.
Qazlal was pleased with you.
You visited 1 branch

Inventory:

Hand Weapons
 a - a +0 war axe (weapon)
Armour
 b - a +0 scale mail (worn)
 c - a +0 buckler (worn)
Scrolls
 j - a scroll of blinking
Potions
 d - a potion of might
 g - a potion of haste
 h - 4 potions of magic
 i - 3 potions of berserk rage
 k - 2 potions of invisibility


   Skills:
 + Level 6.8 Fighting
 + Level 6.8 Axes
 + Level 6.2 Armour
 + Level 6.2 Shields


You had 4 spell levels left.
You didn't know any spells.
Your spell library was empty.

Dungeon Overview and Level Annotations

Branches:
Dungeon (1/1)

Altars:
Ashenzari
Cheibriados
Dithmenos
Elyvilon
Fedhas
Gozag
Hepliaklqana
Kikubaaqudgha
Makhleb
Nemelex Xobeh
Okawaru
Qazlal
Ru
Sif Muna
Trog
Uskayaw
Vehumet
Wu Jian
Xom
Yredelemnul
Zin
The Shining One
Beogh
Jiyva
Lugonu


Message History

The gnoll sergeant hits you from afar with a +2 spear of venom!
You are poisoned.
You hit the gnoll.
The gnoll is severely wounded.
You feel very sick. You block the gnoll's attack.
The gnoll sergeant hits you but does no damage.
You are more poisoned.
The gnoll barely misses you.
Unknown command.
You feel much better.
You feel very sick. You block the gnoll's attack.
The gnoll sergeant hits you from afar with a +2 spear of venom.
The gnoll closely misses you.
You hit the gnoll.
The gnoll is almost dead.
You feel very sick. The gnoll hits you with a +0 whip.
The gnoll hits you from afar with a +0 spear!
The gnoll sergeant hits you but does no damage.
You are more poisoned.
You slash the gnoll!
You kill the gnoll!
Qazlal accepts your kill.
You feel very sick. You block the gnoll sergeant's attack.
The gnoll hits you but does no damage.
You feel better. The endoplasm hits you.
The gnoll hits you from afar with a +0 spear.
The gnoll sergeant hits you from afar with a +2 spear of venom!
You are poisoned.
You slash the endoplasm!
You kill the endoplasm!
Qazlal accepts your kill.
You feel very sick. The gnoll barely misses you.
The gnoll sergeant hits you from afar with a +2 spear of venom!
* * * LOW HITPOINT WARNING * * *
The gnoll sergeant hits you from afar with a +2 spear of venom!
You die...

#_______...##########
##########'##........
#.?(.')))'.##......#.
##########.##........
#..........)'........
#+#####'#####......#.
#...#.# #........
#.○.#.# ####'####
#.@.'.# #.......#
##§#### #.......#
#ggg..# #.......#
#....g# #...<...#
#....... #.......#
#........##.......#
###########.......#
#########


You could see a gnoll sergeant and 2 gnolls.

Vanquished Creatures
  A floating eye (D)
  A gnoll (D)
  A river rat (D)
  An adder zombie (D)
  An endoplasm (D)
  A goblin (D)
  A hobgoblin (D)
  A ball python zombie (D)
  A rat (D)
9 creatures vanquished.

Notes
Turn   | Place    | Note
-------+----------+-------------------------------------------
     0 | D        | BigDaddyOpFi the Hill Orc Fighter began the quest for the
                  | Orb.
     0 | D        | Reached XP level 1. HP: 19/19 MP: 1/1
    17 | D        | Found a bloodstained altar of Trog.
    17 | D        | Found a shimmering blue altar of Sif Muna.
    17 | D        | Found a viscous altar of Jiyva.
    17 | D        | Found a hazy altar of Hepliaklqana.
    17 | D        | Found an opulent altar of Gozag.
    18 | D        | Found a glowing golden altar of the Shining One.
    18 | D        | Found a glowing silver altar of Zin.
    18 | D        | Found a basalt altar of Yredelemnul.
    18 | D        | Found a shimmering altar of Xom.
    18 | D        | Found an ornate altar of the Wu Jian Council.
    18 | D        | Found a sacrificial altar of Ru.
    18 | D        | Found a stormy altar of Qazlal.
    18 | D        | Found an iron altar of Okawaru.
    18 | D        | Found a sparkling altar of Nemelex Xobeh.
    18 | D        | Found a burning altar of Makhleb.
    18 | D        | Found a blossoming altar of Fedhas.
    18 | D        | Found a white marble altar of Elyvilon.
    18 | D        | Found a shadowy altar of Dithmenos.
    18 | D        | Found a snail-covered altar of Cheibriados.
    20 | D        | Found a corrupted altar of Lugonu.
    20 | D        | Found a radiant altar of Vehumet.
    20 | D        | Found a roughly hewn altar of Beogh.
    21 | D        | Found a broken altar of Ashenzari.
    21 | D        | Found an ancient bone altar of Kikubaaqudgha.
    21 | D        | Found a hide-covered altar of Uskayaw.
    25 | D        | Became a worshipper of Qazlal Stormbringer
    53 | D        | Reached XP level 2. HP: 24/28 MP: 2/2
   140 | D        | Reached * piety under Qazlal
   145 | D        | Noticed a floating eye
   146 | D        | Noticed a gnoll sergeant
   149 | D        | Killed a floating eye
   149 | D        | Reached ** piety under Qazlal
   150 | D        | Reached XP level 3. HP: 27/38 MP: 3/3
   150 | D        | Reached XP level 4. HP: 32/45 MP: 4/4
   150 | D        | Reached XP level 5. HP: 36/51 MP: 5/5
   157 | D        | Mangled by a gnoll sergeant

Illustrated notes

Levels and vault maps discovered:
D:        pitsprint [storerooms_1, entrance_room_1, metal_vault_2, armoury_1,
          mini_pit_1, grid_room_1, main_hall_1, silver_pit, the_coven_3,
          the_vestibule_1, steel_vault_2, golden_pit, hallway_of_sentries,
          crystal_vault_2, iron_vault_3, final_vault]

Skill      XL: |  1  2 |
---------------+-------+-----
Axes           | 3 6 |  6.8
Fighting       | 4 6 |  6.8
Armour         | 4 6 |  6.2
Shields        | 4 6 |  6.2

Action                     |  1- 3 |  4- 6 || total
---------------------------+-------+-------++-------
  Melee: War axe           |    19 |     6 ||    25
    Use: Potion            |       |     2 ||     2
 Armour: Scale mail        |     6 |     4 ||    10
  Dodge: Dodged            |    12 |     3 ||    15
  Block: Buckler           |     7 |     6 ||    13

Table legend: (Time is in decaauts)
 A = Elapsed time spent in this place.
 B = Non-inter-level travel time spent in this place.
 C = Inter-level travel time spent in this place.
 D = Time resting spent in this place.
 E = Time spent auto-exploring this place.
 F = Levels seen in this place.
 G = Mean time per level.
                   A        B        C        D        E       F      G
               +--------+--------+--------+--------+--------+-----+--------+
         Total |    164 |    164 |      0 |     74 |      0 |   1 |  164.0 |
       Dungeon |    164 |    164 |      0 |     74 |      0 |   1 |  164.0 |
               +--------+--------+--------+--------+--------+-----+--------+

Top non-repeatable levels by time:
       D: 164 daAuts
